Map: Moonlight Madness LE (Void)

Players

Zephyr

  • Race: Protoss Protoss
  • League: Silver

SticklerMac - Winner!

  • Race: Zerg Zerg

VOD

Have the link to the VOD?

Description

Time

  • Played on: Aug. 6, 2015, 5:44 p.m.
  • Length: 11:25
Show
View Real Time Build Order
Export as new Build Order

Zephyr Protoss 

Build Orders: 1 Gate Expand 

Get SALT Encoding   

  12  0:01  Probe  
  13  0:13  Probe  
  14  0:20  Pylon  
  14  0:38  Probe (Chrono Boost)  
  15  0:46  Gateway  
  15  0:48  Probe (Chrono Boost)  
  16  0:55  Probe (Chrono Boost), Assimilator  
  17  1:07  Probe (Chrono Boost)  
  18  1:16  Probe (Chrono Boost)  
  19  1:24  Probe  
  20  1:27  Nexus  
  20  1:36  Cybernetics Core  
  20  1:43  Assimilator  
  20  1:46  Probe  
  21  1:58  Probe  
  21  1:59  Pylon  
  22  2:14  Warp Gate (Chrono Boost)  
  22  2:18  Mothership Core  
  24  2:48  Gateway x2  
  24  2:50  Gateway  
  24  2:53  Probe x2  
  26  2:59  Zealot  
  30  3:05  Probe (Chrono Boost)  
  30  3:06  Probe (Chrono Boost)  
  30  3:16  Probe x2 (Chrono Boost), Forge  
  32  3:24  Assimilator  
  32  3:28  Assimilator  
  32  3:38  Robotics Facility  
  32  3:51  Pylon  
  32  4:06  Protoss Ground Weapons Level 1  
  32  4:12  Zealot x2  
  32  4:15  Stalker x2  
  40  4:25  Pylon  
  41  4:31  Probe x2  
  41  4:37  Pylon  
  42  4:42  Robotics Bay  
  42  4:43  Probe (Chrono Boost)  
  42  4:44  Probe (Chrono Boost)  
  46  4:53  Probe x2 (Chrono Boost)  
  46  4:55  Pylon  
  46  5:00  Probe  
  46  5:01  Twilight Council  
  46  5:05  Forge  
  47  5:13  Observer  
  48  5:17  Probe (Chrono Boost)  
  48  5:19  Probe (Chrono Boost)  
  50  5:27  Pylon  
  50  5:28  Probe x2 (Chrono Boost)  
  52  5:31  Extended Thermal Lance  
  52  5:34  Probe  
  53  5:48  Protoss Ground Armor Level 1  
  53  5:55  Gateway  
  53  5:58  Gateway  
  53  6:00  Gateway  
  53  6:01  Probe  
  53  6:02  Probe  
  55  6:14  Probe  
  56  6:29  Nexus  
  56  6:35  Photon Cannon  
  56  6:41  Probe x2  
  56  6:45  Photon Cannon  
  56  6:46  Stalker  
  60  6:53  Probe x2, Colossus  
  68  7:05  Probe  
  69  7:13  Charge  
  69  7:16  Pylon  
  69  7:29  Gateway  
  69  7:30  Gateway  
  69  7:33  Probe x2  
  69  7:35  Gateway  
  71  7:39  Gateway  
  71  7:41  Gateway  
  71  7:45  Probe  
  71  7:46  Protoss Ground Weapons Level 2 (Chrono Boost)  
  71  7:51  Protoss Ground Armor Level 2 (Chrono Boost)  
  72  7:52  Colossus  
  72  7:57  Probe x2  
  80  7:59  Probe  
  81  8:09  Probe  
  81  8:11  Stalker x3  
  88  8:23  Zealot x4  
  96  8:55  Probe x3  
  98  8:56  Photon Cannon  
  98  8:57  Photon Cannon  
  98  8:59  Photon Cannon  
  98  9:00  Pylon  
  99  9:04  Colossus  
  99  9:07  Probe  
  106  9:18  Probe x2  
  106  9:22  Pylon  
  106  9:23  Pylon  
  108  9:41  Stalker x4  
  108  9:42  Stalker x2  
  108  9:43  Stalker  
  122  9:46  Zealot  
  122  9:47  Zealot x3  
  130  9:54  Pylon  
  130  9:56  Pylon  
  130  9:58  Pylon  
  129  10:28  Zealot x4  
  125  10:29  Zealot x4  
  125  10:30  Zealot x3  
  65  10:50  Zealot x5  
  65  10:51  Zealot x4  
  48  11:12  Stalker x2  
  48  11:13  Stalker x3  
  48  11:14  Stalker  
Show
View Real Time Build Order
Export as new Build Order

SticklerMac Zerg - Winner!

Build Orders: Pool First 

Get SALT Encoding   

  12  0:03  Drone  
  13  0:08  Drone  
  14  0:17  Overlord  
  14  0:40  Drone  
  14  0:41  Drone, Spawning Pool  
  15  0:47  Extractor  
  15  0:48  Drone  
  15  0:54  Drone  
  16  1:03  Drone  
  17  1:24  Hatchery  
  16  1:28  Drone x2  
  18  1:46  Drone x2  
  20  1:50  Queen  
  22  2:14  Overlord  
  22  2:15  Overlord  
  22  2:24  Overlord  
  22  2:33  Zergling x2  
  25  2:37  Zergling x2  
  25  2:39  Queen  
  25  2:40  Zergling x2  
  29  2:45  Metabolic Boost  
  29  2:53  Lair  
  29  2:54  Zergling x4  
  29  3:00  Zergling x4  
  29  3:04  Zergling x2  
  32  3:09  Drone  
  32  3:10  Drone  
  34  3:14  Zergling x4  
  36  3:21  Zergling x4  
  38  3:29  Baneling Nest  
  38  3:31  Zergling x2  
  39  3:43  Roach Warren  
  38  3:51  Drone  
  38  3:52  Drone x3  
  38  3:53  Drone x2  
  44  3:59  Extractor  
  44  4:00  Drone  
  44  4:01  Drone  
  45  4:03  Drone  
  45  4:07  Extractor  
  45  4:30  Zergling x2  
  46  4:37  Overlord x2  
  46  4:38  Overlord  
  46  4:56  Roach x5  
  46  4:57  Roach  
  46  4:59  Hatchery  
  57  5:01  Glial Reconstitution  
  57  5:10  Drone x3  
  57  5:14  Drone x2  
  61  5:17  Drone  
  61  5:21  Drone  
  64  5:28  Zergling x2  
  65  5:29  Roach  
  65  5:30  Drone  
  68  5:36  Overlord  
  68  5:39  Overlord  
  68  5:45  Burrow  
  68  5:49  Overlord  
  68  5:54  Overlord  
  68  5:58  Overseer  
  68  6:00  Pneumatized Carapace  
  68  6:02  Zergling x2  
  68  6:04  Roach  
  71  6:09  Drone x2  
  71  6:10  Drone  
  74  6:12  Drone  
  74  6:14  Drone  
  74  6:16  Drone  
  77  6:20  Roach  
  77  6:22  Roach  
  77  6:25  Roach  
  83  6:30  Tunneling Claws  
  83  6:37  Queen  
  85  6:46  Roach x4  
  93  7:03  Roach  
  93  7:04  Roach x5  
  102  7:18  Roach  
  102  7:19  Roach  
  105  7:39  Spire  
  105  7:41  Overlord x3  
  105  7:42  Overlord x3  
  104  7:54  Overlord x3  
  104  8:07  Roach x8  
  104  8:08  Roach  
  122  8:19  Roach x3  
  130  8:20  Roach  
  130  8:22  Roach  
  130  8:23  Roach  
  134  8:58  Corruptor x6  
  134  9:02  Corruptor  
  148  9:04  Zergling x2  
  148  9:05  Zergling x2  
  150  9:10  Zergling x10  
  150  9:12  Zergling x2  
  150  9:13  Zergling x2  
  157  9:28  Overseer x2  
  157  9:32  Overseer  
  157  9:35  Overseer  
  157  9:43  Zergling x2  
  157  9:44  Roach  
  157  9:45  Roach x5  
  170  10:03  Roach  
  170  10:04  Roach x2  
  170  10:05  Overlord  
  170  10:06  Overlord x4  
  172  10:17  Roach x3  
  176  10:27  Roach x3  
  176  10:28  Roach x4  
  166  10:35  Roach  
  166  10:36  Roach x2  
  166  10:41  Roach x2  
  148  10:49  Roach x2  
  144  10:54  Roach x2  
  144  10:56  Zergling x6  
Tags
 
Add a new tag
Caveats
  • Supply blocks, unpowered buildings, or Contaminate may cause inaccurate times.
  • Supply counts are checked every 10 seconds.